 Dungeon Crawl Stone Soup version 0.21-a0-460-g737a915 (console) character file.

2733 zero the Cleaver (level 9, -2/57 HPs)
             Began as a Gargoyle Berserker on Nov 20, 2017.
             Was an Elder of Trog.
             Killed by divine providence
             ... invoked by an orc priest
              (13 damage)
             ... on level 7 of the Dungeon.
             The game lasted 00:02:34 (6245 turns).

zero the Cleaver (Gargoyle Berserker)               Turns: 6245, Time: 00:02:35

Health: -2/57      AC: 21    Str: 24    XL:     9   Next: 67%
Magic:  9/9        EV:  7    Int:  8    God:    Trog [****..]
Gold:   338        SH:  0    Dex:  9    Spells: 8/8 levels left

rFire    . . .     SeeInvis .   r - -3 war axe
rCold    . . .     Gourm    .   (no shield)
rNeg     + . .     Faith    +   o - +1 plate armour
rPois    ∞         Spirit   .   (no helmet)
rElec    +         Reflect  .   s - +0 cloak
rCorr    .         Harm     .   (no gloves)
MR       ++...                  (no boots)
Stlth    ..........             h - amulet of faith
HPRegen  0.19/turn              i - ring of protection from magic
MPRegen  0.11/turn              x - ring of protection from magic

@: no status effects
A: negative energy resistance 1, electricity resistance, unbreathing,
petrification resistance, rot immunity, AC +6
a: Berserk, Trog's Hand, Brothers in Arms, Burn Spellbooks, Renounce Religion


You were on level 7 of the Dungeon.
You worshipped Trog.
Trog was greatly pleased with you.
You were very hungry.

You visited 2 branches of the dungeon, and saw 8 of its levels.

You collected 338 gold pieces.


Innate Abilities, Weirdness & Mutations

You are resistant to torment.
Your stone body is resilient. (AC +6)
You are immune to poison.
You resist negative energy. (rN+)
You are resistant to electric shocks. (rElec)
You can survive without breathing.
You are immune to petrification.
You are immune to rotting.


   Skills:
 - Level 7.0 Fighting
 + Level 9.5 Axes
 - Level 7.0 Armour
 - Level 1.5 Dodging


You had 8 spell levels left.
You didn't know any spells.

Inventory:

Hand Weapons
 f - a +1 flail of protection
 r - a -3 war axe (weapon)
Armour
 o - a +1 plate armour (worn)
 s - a +0 cloak (worn)
Jewellery
 h - an amulet of faith (around neck)
 i - a ring of protection from magic (left hand)
 x - a ring of protection from magic (right hand)
Wands
 d - a wand of acid (6)
Scrolls
 m - a scroll of identify
 y - 2 scrolls of remove curse
Potions
 a - a potion of lignification {unknown}
 g - 4 potions of curing
 k - a potion of haste
 l - a potion of agility {unknown}
 q - a potion of berserk rage {unknown}
 t - a potion of cancellation {unknown}
 u - a potion of might {unknown}
Comestibles
 c - 5 bread rations
 e - 2 royal jellies
 j - 2 fruits
 p - 5 meat rations

Dungeon Overview and Level Annotations

Branches:
Dungeon (7/15)             Temple (1/1) D:6

Altars:
Ashenzari
Cheibriados
Gozag
Hepliaklqana
Makhleb
Nemelex Xobeh
Okawaru
Ru
Sif Muna
Vehumet
Wu Jian
Xom
Zin

Shops:
D:4 %   D:6 }

Annotations:
D:7 4thArraOfDagon's ghost, novice DsHu


Message History

You hit the orc priest. 4thArraOfDagon's ghost hits you but does no damage.
The orc priest barely misses you.
The orc priest mumbles some strange prayers to Beogh against you.
Beogh smites you!
You miss 4thArraOfDagon's ghost. 4thArraOfDagon's ghost is severely damaged.
You hit the orc priest. 4thArraOfDagon's ghost hits you but does no damage.
The orc priest hits you but does no damage.
An orc and an orc wizard come into view.
The orc shouts!
You slash 4thArraOfDagon's ghost! 4thArraOfDagon's ghost is severely damaged.
You hit the orc priest. 4thArraOfDagon's ghost swings its fists at you. 4thArraOfDagon's ghost barely misses you.
The orc priest calls down the wrath of Beogh upon you.
Beogh smites you!
You die... ## .. .# ###.# ## ##Koo ..# KKo

..# #o# ...# #@#
#####...### #W#
##.........: ...
....W....... .....
##.........> .......
#####...###...##.#.#
.(.# #... ...# .(#
#... .# # .o# #####.
.( .... .(. #..#


You could see 2 orc priests, an orc wizard, 4thArraOfDagon's ghost, an orc and 3
kobolds.

Vanquished Creatures
  Pikel (D:7)
  3 ice beasts
  2 phantoms
  2 ogres
  2 centaurs (D:5)
  Blork the orc (D:6)
  A bullfrog (D:6)
  A big kobold (D:7)
  A scorpion (D:7)
  4 wights (D:6)
  3 howler monkeys
  2 crimson imps
  2 orc priests (D:7)
  3 hounds
  A jelly (D:7)
  4 iguanas
  4 orc wizards
  10 worker ants
  A hound zombie (D:5)
  A howler monkey skeleton (D:6)
  7 gnolls (D:4)
  7 adders
  A shadow imp (D:6)
  2 oozes
  6 worms
  4 dart slugs
  3 leopard geckos
  12 orcs
  4 ball pythons
  8 bats
  5 giant cockroaches
  9 goblins
  6 hobgoblins
  3 jackals (D:3)
  9 kobolds
  A quokka (D:6)
  4 frilled lizards
  A giant cockroach zombie (D:6)
  A jackal zombie (D:6)
  11 rats
153 creatures vanquished.

Vanquished Creatures (others)
  2 slaves (D:7)
  An orc (D:7)
3 creatures vanquished.

Grand Total: 156 creatures vanquished

Notes
Turn   | Place    | Note
-------+----------+-------------------------------------------
     0 | D:1      | zero the Gargoyle Berserker began the quest for the Orb.
     0 | D:1      | Reached XP level 1. HP: 14/14 MP: 1/1
     0 | D:1      | 0 ||| counter = 60
   177 | D:1      | Reached skill level 3 in Axes
   288 | D:1      | Reached XP level 2. HP: 17/19 MP: 2/2
  1216 | D:1      | 1216 ||| UPGRADING to ring mail.
  1226 | D:1      | 1226 ||| DROPPING +0 animal skin.
  1227 | D:1      | 1227 ||| UPGRADING to plate armour.
  1237 | D:1      | 1237 ||| DROPPING +0 ring mail.
  1238 | D:1      | 1238 ||| READING scroll labeled HYF KOWOFEA.
  1239 | D:1      | 1239 ||| READING 2 scrolls labeled WUVUSU GUMMALA.
  1240 | D:1      | 1240 ||| READING scroll of enchant armour.
  1240 | D:1      | 1240 ||| ENCHANTING +0 plate armour.
  1241 | D:1      | 1241 ||| READING scroll labeled QIRGHAF HERCHOHA.
  1242 | D:1      | 1242 ||| READING scroll labeled ENKORR FOGRU.
  1243 | D:1      | 1243 ||| READING scroll labeled BYTYAXOUSE.
  1244 | D:1      | 1244 ||| READING 2 scrolls labeled TAELYXKAICH.
  1297 | D:2      | 1297 ||| EATING royal jelly.
  1308 | D:2      | Reached XP level 3. HP: 20/23 MP: 3/3
  1368 | D:2      | Reached skill level 4 in Axes
  1550 | D:2      | Reached XP level 4. HP: 23/28 MP: 4/4
  1656 | D:2      | Reached ** piety under Trog
  1973 | D:2      | 1973 ||| DROPPING club.
  2012 | D:2      | Found an opulent altar of Gozag.
  2242 | D:2      | 2242 ||| READING scroll labeled NIEVUY WAGGI.
  2400 | D:3      | 2400 ||| READING scroll of enchant weapon.
  2400 | D:3      | 2400 ||| ENCHANTING +1 hand axe.
  2530 | D:3      | 2530 ||| READING 3 scrolls of enchant weapon.
  2530 | D:3      | 2530 ||| ENCHANTING +2 hand axe.
  2531 | D:3      | 2531 ||| READING 2 scrolls of enchant weapon.
  2531 | D:3      | 2531 ||| ENCHANTING +3 hand axe.
  2532 | D:3      | 2532 ||| READING scroll of enchant weapon.
  2532 | D:3      | 2532 ||| ENCHANTING +4 hand axe.
  2574 | D:3      | Reached skill level 5 in Axes
  2604 | D:3      | Reached XP level 5. HP: 31/32 MP: 5/5
  2614 | D:3      | Reached skill level 3 in Armour
  2896 | D:3      | 2896 ||| READING scroll of enchant weapon.
  2896 | D:3      | 2896 ||| ENCHANTING +5 hand axe.
  2916 | D:3      | 2916 ||| DRINKING 2 sapphire potions.
  2917 | D:3      | 2917 ||| READING scroll of identify.
  2917 | D:3      | 2917 ||| IDENTIFYING dented ruby amulet
  2918 | D:3      | 2918 ||| UPGRADING to amulet of faith.
  3081 | D:4      | Noticed an ogre
  3097 | D:4      | 3097 ||| INVOKING Berserk.
  3100 | D:4      | Killed an ogre
  3100 | D:4      | Reached *** piety under Trog
  3100 | D:4      | Reached XP level 6. HP: 38/38 MP: 6/6
  3188 | D:4      | Noticed a phantom
  3201 | D:4      | Reached skill level 6 in Axes
  3204 | D:4      | 3204 ||| INVOKING Burn Spellbooks.
  3212 | D:4      | 3212 ||| DROPPING whip.
  3382 | D:4      | You fall through a shaft for 2 floors!
  3382 | D:6      | Noticed an ice beast
  3383 | D:6      | 3383 ||| Shafted from D:4 to D:6.
  3383 | D:6      | 3383 ||| INVOKING Berserk.
  3385 | D:6      | Killed an ice beast
  3385 | D:6      | Reached XP level 7. HP: 43/43 MP: 7/7
  3464 | D:6      | 3464 ||| INVOKING Berserk.
  3488 | D:6      | Reached skill level 7 in Axes
  3605 | D:5      | Entered Level 5 of the Dungeon
  3657 | D:4      | 3657 ||| Successfully unshafted to D:4.
  3768 | D:4      | 3768 ||| READING scroll of enchant weapon.
  3768 | D:4      | 3768 ||| ENCHANTING +6 hand axe.
  3900 | D:4      | Found Vowayguibu's Food Emporium.
  3916 | D:4      | Reached XP level 8. HP: 49/49 MP: 8/8
  3976 | D:4      | Reached **** piety under Trog
  4050 | D:4      | 4050 ||| UPGRADING to flail.
  4051 | D:4      | 4051 ||| SWAPPING to +7 hand axe.
  4109 | D:4      | Found an ornate altar of the Wu Jian Council.
  4111 | D:4      | 4111 ||| UPGRADING to cloak.
  4116 | D:4      | 4116 ||| READING scroll labeled MATIRUZXYEC.
  4117 | D:4      | 4117 ||| READING scroll labeled QIOJIA ZELAIW.
  4118 | D:4      | 4118 ||| READING scroll labeled CEIPUU VAIKH.
  4183 | D:5      | Found a sparkling altar of Nemelex Xobeh.
  4458 | D:5      | Reached skill level 8 in Axes
  4556 | D:5      | 4556 ||| DROPPING small peridot amulet.
  4557 | D:5      | 4557 ||| UPGRADING to bronze ring.
  4558 | D:5      | 4558 ||| UPGRADING to sapphire ring.
  4559 | D:5      | 4559 ||| REMOVING ring of flight.
  4560 | D:5      | 4560 ||| DROPPING ring of flight.
  4561 | D:5      | 4561 ||| UPGRADING to small opal ring.
  4562 | D:5      | 4562 ||| REMOVING +4 ring of intelligence.
  4563 | D:5      | 4563 ||| DROPPING +4 ring of intelligence.
  4564 | D:5      | 4564 ||| UPGRADING to ring of protection from magic.
  4565 | D:5      | 4565 ||| DRINKING 2 amethyst potions.
  4620 | D:6      | Reached skill level 6 in Fighting
  4631 | D:6      | Noticed Blork the orc
  4648 | D:6      | Killed Blork the orc
  4651 | D:6      | Found Cocianud's Gadget Shop.
  4652 | D:6      | 4652 ||| STAIRDANCE
  4706 | D:5      | 4706 ||| READING 3 scrolls of identify.
  4706 | D:5      | 4706 ||| IDENTIFYING murky amethyst potion
  4707 | D:5      | 4707 ||| READING 2 scrolls of identify.
  4707 | D:5      | 4707 ||| IDENTIFYING coppery potion
  4708 | D:5      | 4708 ||| DROPPING potion of degeneration.
  4713 | D:6      | 4713 ||| STAIRDANCE
  4724 | D:5      | Reached XP level 9. HP: 56/56 MP: 9/9
  4991 | D:6      | Reached skill level 9 in Axes
  5037 | D:6      | Found a staircase to the Ecumenical Temple.
  5263 | Temple   | Entered the Ecumenical Temple
  5264 | Temple   | 5264 ||| Entered T.
  5327 | Temple   | 5327 ||| EATING 4 royal jellies.
  5428 | Temple   | 5428 ||| READING scroll labeled KOEP HEIRREA.
  5584 | D:6      | 5584 ||| READING scroll labeled BAIBROUKHY.
  5640 | D:7      | 5640 ||| INVOKING Berserk.
  5641 | D:7      | Noticed Pikel
  5652 | D:7      | Killed Pikel
  5765 | D:7      | 5765 ||| UPGRADING to flail of protection.
  5766 | D:7      | 5766 ||| SWAPPING to +7 hand axe.
  5767 | D:7      | 5767 ||| DROPPING +0 flail.
  5774 | D:7      | 5774 ||| SWAPPING to runed war axe.
  5775 | D:7      | 5775 ||| DROPPING +7 hand axe.
  5776 | D:7      | 5776 ||| READING 3 scrolls of remove curse.
  5824 | D:7      | Noticed 4thArraOfDagon's ghost (novice DsHu)
  5830 | D:7      | 5830 ||| INVOKING Berserk.
  5845 | D:7      | 5845 ||| READING 4 scrolls of teleportation.
  5848 | D:7      | 5848 ||| READING 3 scrolls of teleportation.
  5849 | D:7      | HP: 12/57 [acid (5)]
  5850 | D:7      | 5850 ||| DRINKING potion of heal wounds.
  5853 | D:7      | 5853 ||| READING 2 scrolls of teleportation.
  5957 | D:7      | 5957 ||| Invisible monster not found???
  5964 | D:7      | 5964 ||| EATING 3 royal jellies.
  6026 | D:7      | 6026 ||| INVOKING Berserk.
  6186 | D:7      | 6186 ||| INVOKING Berserk.
  6202 | D:7      | 6202 ||| READING scroll of teleportation.
  6243 | D:7      | HP: 11/57 [orc priest/divine providence (16)]
  6245 | D:7      | Killed from afar by an orc priest

Vault maps used:
D:1:      dpeg_arrival_tiny_c, serial_forest, infiniplex_forest_fountain,
          infiniplex_forest_clump_curved, infiniplex_forest_straight_2,
          infiniplex_forest_3_way, infiniplex_forest_lined_room_2,
          infiniplex_forest_clump_medium, infiniplex_forest_clump_diagonal,
          infiniplex_forest_lined_3
D:2:      nicolae_gozag_seed_capital, st_stairs_9, kennysheep_nondescript
D:4:      lemuel_coloured_pillars_altar, serial_shops, shop
D:5:      first_bread, nemelex_xobeh_ov_fountains_minmay
D:6:      minmay_temple_entry_statues, serial_shops, nicolae_shop_waterfront,
          uniq_blork_the_orc
D:7:      minitemple, uniq_pikel
Temple:   bh_familiar_temple

Skill      XL: |  1  2  3  4  5  6  7  8  9 |
---------------+----------------------------+-----
Axes           | 3 4 5 6 7 8 9 |  9.5
Armour         | 3 4 5 7 |  7.0
Fighting       | 4 5 6 7 |  7.0
Dodging        | |  1.5

Action                   |  1- 3 |  4- 6 |  7- 9 || total
-------------------------+-------+-------+-------++-------
Melee: Hand axe          |    93 |   130 |   210 ||   433
       War axe           |       |       |   133 ||   133
Throw: Tomahawk          |       |    32 |    38 ||    70
Invok: Berserk           |       |     2 |     5 ||     7
       Burn Spellbooks   |       |     1 |       ||     1
  Use: Scroll            |     7 |     7 |    13 ||    27
       Potion            |       |     1 |     2 ||     3
  Eat: Royal jelly       |     1 |       |     2 ||     3
       Chunk             |       |     7 |    10 ||    17
Armor: Animal skin       |     6 |       |       ||     6
       Plate armour      |    38 |    76 |   229 ||   343
Dodge: Dodged            |    41 |    37 |   107 ||   185

Table legend:
 A = Spawn XP
 B = Non-spawn XP
 C = Spawn XP percentage of total XP
 D = Spawn monster count
 E = Non-spawn monster count
 F = Spawn count percentage of total count
 G = Total turns spent on level
                    A         B        C        D         E        F      G
               +---------+---------+-------+---------+---------+-------+---------
         Total |       0 |    3905 |   0.0 |       0 |     153 |   0.0 |  6245
               +---------+---------+-------+---------+---------+-------+---------
           D:1 |       0 |      27 |   0.0 |       0 |      16 |   0.0 |  1251
           D:2 |       0 |      83 |   0.0 |       0 |      26 |   0.0 |  1015
           D:3 |       0 |     109 |   0.0 |       0 |      23 |   0.0 |   670
           D:4 |       0 |     641 |   0.0 |       0 |      28 |   0.0 |   940
           D:5 |       0 |     720 |   0.0 |       0 |      16 |   0.0 |   577
           D:6 |       0 |    1118 |   0.0 |       0 |      22 |   0.0 |   980
           D:7 |       0 |    1207 |   0.0 |       0 |      22 |   0.0 |   630
               +---------+---------+-------+---------+---------+-------+---------
